 Dungeon Sprint DCSS version 0.21.1-1-g345015f (webtiles) character file.

1188 Melicamp the Fighter (level 8, -3/101 HPs)
             Began as a Troll Monk on Apr 4, 2018.
             Slain by a deep troll (24 damage)
             ... in the Dungeon (Sprint I: "Red Sonja").
             The game lasted 00:03:00 (348 turns).

Melicamp the Fighter (Troll Monk)                    Turns: 348, Time: 00:03:01

Health: -3/101     AC:  5    Str: 20    XL:     8   Next: 19%
Magic:  7/7        EV: 13    Int:  6    God:
Gold:   607        SH:  0    Dex: 14    Spells: 7/7 levels left

rFire    . . .     SeeInvis .     - Unarmed
rCold    . . .     Gourm    +   (no shield)
rNeg     . . .     Faith    .   a - +0 robe
rPois    .         Spirit   .   (helmet restricted)
rElec    .         Reflect  .   (no cloak)
rCorr    .         Harm     .   (gloves unavailable)
MR       .....     NoTele   +   (boots unavailable)
Stlth    ++........             (no amulet)
HPRegen  0.66/turn              (no ring)
MPRegen  0.10/turn              (no ring)

@: hasted, very quick
A: large, unfitting armour, claws 3, fast metabolism 3, gourmand, regeneration
1, shaggy fur 1, tough skin 2
a: no special abilities


You were in the Dungeon.
You were not hungry.

You visited 1 branch You collected 607 gold pieces.

Inventory:

Armour
 a - a +0 robe (worn)
Scrolls
 g - a scroll of amnesia {unknown}
 h - a scroll of blinking
 i - a scroll of enchant weapon {unknown}
Potions
 c - 3 potions of curing
 f - 2 potions of magic
Comestibles
 b - 2 rations


   Skills:
 * Level 12.4 Fighting
 + Level 6.7 Dodging
 - Level 1.0 Stealth
 - Level 8.0 Unarmed Combat


You had 7 spell levels left.
You didn't know any spells.

Dungeon Overview and Level Annotations

Branches:
Dungeon (1/1)

Altars:
Cheibriados
Dithmenos
Elyvilon
Fedhas
Gozag
Hepliaklqana
Kikubaaqudgha
Makhleb
Nemelex Xobeh
Okawaru
Qazlal
Ru
Sif Muna
Trog
Uskayaw
Vehumet
Wu Jian
Xom
Yredelemnul
Zin
The Shining One
Jiyva
Lugonu

Shops:
D *


Innate Abilities, Weirdness & Mutations

You are too large for most types of armour.
You have claws for hands.
Your metabolism is lightning-fast.
You like to eat raw meat.
Your natural rate of healing is unusually fast.
You are covered in fur. (AC +1)
You have very tough skin. (AC +2)


Message History

i - a scroll labeled FIUCAS CAJAOR You now have 607 gold pieces (gained 13).
There is an open door here.
You open the door.
A deep troll comes into view.
Found 108 gold pieces.
There is an open door here.
You see here 27 gold pieces.
The deep troll shouts!
The deep troll bites you! The deep troll claws you. The deep troll claws you!
You see here 27 gold pieces.
You closely miss the deep troll. The deep troll bites you!!
The deep troll claws you! x2
* * * LOW HITPOINT WARNING * * *
You see here 27 gold pieces.
You feel much better. The deep troll bites you! The deep troll claws you!
* * * LOW HITPOINT WARNING * * *
The deep troll closely misses you.
You feel yourself speed up. The deep troll bites you!!
You die...

#..#####'#####'#__#
#..####..#...#.# ##
#..#__####..##(#
#..#_____##'#_.+
#⌠⌠#_.∩...'..._#
####_..__##_.#+#
#_____###'#
#########.####+###
.......'.).'@T.$$+
++++####...#######
###.### #.#'#.#
#.....# #.[...#
#######


You could see a deep troll.

Vanquished Creatures
  Sonja (D)
  A slime creature (D)
  Sigmund (D)
  A yak (D)
  An ogre (D)
  A jelly (D)
  Ijyb (D)
  3 ballistomycetes (D)
  A ballistomycete spore (D)
11 creatures vanquished.

Vanquished Creatures (others)
  A ballistomycete spore (D)
1 creature vanquished.

Grand Total: 12 creatures vanquished

Notes
Turn   | Place    | Note
-------+----------+-------------------------------------------
     0 | D        | Melicamp the Troll Monk began the quest for the Orb.
     0 | D        | Reached XP level 1. HP: 22/22 MP: 0/0
     1 | D        | Noticed Ijyb
    11 | D        | Killed Ijyb
    11 | D        | Reached skill level 4 in Fighting
    11 | D        | Reached XP level 2. HP: 28/33 MP: 1/1
    22 | D        | Noticed an ogre
    28 | D        | Killed an ogre
    28 | D        | Reached skill level 6 in Fighting
    28 | D        | Reached XP level 3. HP: 28/45 MP: 2/2
    28 | D        | Reached XP level 4. HP: 33/53 MP: 3/3
    71 | D        | Noticed Sigmund
    79 | D        | Killed Sigmund
    79 | D        | Reached skill level 8 in Fighting
    79 | D        | Reached XP level 5. HP: 62/66 MP: 4/4
    96 | D        | Found a deep blue altar of Sif Muna.
    97 | D        | Found an ornate altar of the Wu Jian Council.
    98 | D        | Found a radiant altar of Vehumet.
   102 | D        | Reached skill level 9 in Fighting
   102 | D        | Reached XP level 6. HP: 75/75 MP: 5/5
   108 | D        | Found a viscous altar of Jiyva.
   108 | D        | Found a corrupted altar of Lugonu.
   108 | D        | Noticed a slime creature
   109 | D        | Found a burning altar of Makhleb.
   109 | D        | Found a shimmering altar of Xom.
   117 | D        | Killed a slime creature
   117 | D        | Reached skill level 10 in Fighting
   208 | D        | Found Kojifoll's Assorted Antiques.
   208 | D        | Found an ancient bone altar of Kikubaaqudgha.
   208 | D        | Found a stormy altar of Qazlal.
   208 | D        | Found a blossoming altar of Fedhas.
   208 | D        | Found a bloodstained altar of Trog.
   208 | D        | Found an iron altar of Okawaru.
   208 | D        | Found a glowing golden altar of the Shining One.
   208 | D        | Found a glowing silver altar of Zin.
   208 | D        | Found a white marble altar of Elyvilon.
   208 | D        | Noticed a yak
   214 | D        | Killed a yak
   214 | D        | Reached skill level 5 in Dodging
   214 | D        | Reached XP level 7. HP: 87/87 MP: 6/6
   215 | D        | Found a hazy altar of Hepliaklqana.
   215 | D        | Found a hide-covered altar of Uskayaw.
   215 | D        | Found a basalt altar of Yredelemnul.
   215 | D        | Found an opulent altar of Gozag.
   215 | D        | Found a snail-covered altar of Cheibriados.
   215 | D        | Found a sacrificial altar of Ru.
   215 | D        | Found a shadowy altar of Dithmenos.
   216 | D        | Found a sparkling altar of Nemelex Xobeh.
   225 | D        | Noticed Sonja
   232 | D        | Killed Sonja
   232 | D        | Reached skill level 12 in Fighting
   232 | D        | Reached XP level 8. HP: 99/101 MP: 7/7
   341 | D        | Noticed a deep troll
   348 | D        | Slain by a deep troll

Skill      XL: |  1  2  3  4  5  6  7 |
---------------+----------------------+-----
Fighting       | 4 6 8 9 10 12 | 12.4
Unarmed Combat | 4 6 7 8 |  8.0
Dodging        | 5 6 |  6.7
Stealth        | |  1.0

Action                   |  1- 3 |  4- 6 |  7- 9 || total
-------------------------+-------+-------+-------++-------
Melee: Unarmed           |    13 |    21 |    14 ||    48
       Punch             |       |     1 |     1 ||     2
  Use: Potion            |     1 |       |     2 ||     3
  Eat: Chunk             |       |     3 |       ||     3
Armor: Robe              |     2 |     4 |     5 ||    11
Dodge: Dodged            |     4 |     5 |     6 ||    15
